cohdb
Replays
Latest Replays
All Replays
Popular Replays
Top Player Replays
Match Explorer
How It Works
Community
CoH3 Stats
Reddit
Sign in to upload your games and track your stats! →
Sign in with Steam
Match 45457005
Unlisted
Match 45457005
Overview
Messages
Build Orders
End
Kettenkrad Recon Vehicle
Construct Infanterie Kompanie
Selects Terror Battlegroup
Selects Machine Gun Camouflage
MG 42 Machine Gun Team
Grenadier Squad
Grenadier Squad
MG 42 Machine Gun Team
Construct Panzergrenadier Kompanie
251 Medium Carrier
251 Medium Carrier
Panzergrenadier Squad
Construct Panzer Kompanie
Pioneer Squad
Pak 40 Anti-tank Gun Team
Pak 40 Anti-tank Gun Team
Selects Defend the Fatherland
Kettenkrad Recon Vehicle
Panzergrenadier Squad
Selects King Tiger Heavy Tank
King Tiger Heavy Tank
Panzer Officer Quarters
Pioneer Squad
Pioneer Squad
Selects Interrogate
Selects Jericho Trumpet
Kettenkrad Recon Vehicle
Jericho Trumpet
StickyJuice
Rum
Cowboy10k
NotKing
RitraXP
Crazy Dog
고라니
방첩장교
0
0
Comments
sign in to comment!
No comments posted yet!